 Dungeon Crawl Stone Soup version 0.23-a0-767-gdc19b93d68 (webtiles) character file.

187 Oravi the Vexing (level 5, -2/37 HPs)
             Began as a Formicid Arcane Marksman on Jan 26, 2019.
             Was an Initiate of Okawaru.
             Killed from afar by an orc wizard (9 damage)
             ... with a puff of frost
             ... on level 4 of the Dungeon.
             The game lasted 00:13:18 (3127 turns).

Oravi the Vexing (Formicid Arcane Marksman)         Turns: 3127, Time: 00:13:18

Health: -2/37      AC:  6    Str: 15    XL:     5   Next: 99%
Magic:  7/9        EV: 11    Int: 13    God:    Okawaru [......]
Gold:   195        SH:  0    Dex: 11    Spells: 6/9 levels left

rFire    . . .     SeeInvis +   a - +0 hunting sling
rCold    . . .     Gourm    .   (no shield)
rNeg     . . .     Faith    .   j - +1 ring mail
rPois    .         Spirit   .   (helmet unavailable)
rElec    .         Reflect  .   (no cloak)
rCorr    .         Harm     .   (no gloves)
MR       .....                  (no boots)
Stlth    +.........             (no amulet)
HPRegen  0.12/turn              (no ring)
MPRegen  0.11/turn              (no ring)

@: no status effects
A: permanent stasis, dig shafts and tunnels, four strong arms, antennae 3
a: Dig, Shaft Self, Renounce Religion


You were on level 4 of the Dungeon.
You worshipped Okawaru.
Okawaru was noncommittal.
You were not hungry.

You visited 1 branch of the dungeon, and saw 4 of its levels.

You collected 195 gold pieces.

Inventory:

Hand Weapons
 a - a +0 hunting sling (weapon)
 i - a +0 dagger
Missiles
 d - 38 sling bullets
 g - 137 stones (quivered)
 p - 8 needles of confusion
 r - a throwing net {!f}
 t - 68 arrows
 w - 23 poisoned needles
Armour
 e - a +0 robe
 j - a +1 ring mail (worn)
 v - a +2 animal skin
Jewellery
 y - an uncursed amulet of the gourmand {unknown}
Scrolls
 b - a scroll of fear {unknown}
 h - 3 scrolls of remove curse {@r2}
 l - 2 scrolls of teleportation
 m - a scroll of amnesia
 n - 3 scrolls of enchant armour
 x - a scroll of enchant weapon {unknown}
Potions
 c - a potion of agility
 k - 2 potions of heal wounds
 o - a potion of mutation {unknown}
 q - a potion of degeneration {unknown}
 s - a potion of resistance {unknown}
Comestibles
 f - 3 rations
 u - 4 chunks of flesh


   Skills:
 - Level 1.1 Fighting
 * Level 4.7 Slings
 - Level 1.7 Dodging
 + Level 2.7 Spellcasting
 + Level 4.7 Hexes


You had 6 spell levels left.
You knew the following spells:

 Your Spells              Type           Power        Failure   Level  Hunger
a - Corona                Hex            ##.....      7%          1    #......
b - Slow                  Hex            ##......     10%         2    ###....

Your spell library contained the following spells:

 Spells                   Type           Power        Failure   Level  Hunger
 Inner Flame              Hex/Fire       #.......     45%         3    ###....
 Portal Projectile        Hex/Tloc       #.....       45%         3    ###....
 Cause Fear               Hex            ##........   54%         4    #####..
 Leda's Liquefaction      Hex/Erth       #.........   86%         4    #####..


Dungeon Overview and Level Annotations

Branches:
Dungeon (4/15)
 Temple: D:4-7

Altars:
Elyvilon
Okawaru
Trog
Uskayaw
Yredelemnul


Innate Abilities, Weirdness & Mutations

You cannot be hasted, slowed, berserked, paralysed or teleported.
You can dig through walls and to a lower floor.
Your four strong arms can wield two-handed weapons with a shield.
You have a pair of large antennae on your head. (SInv)


Message History

An orc priest, an orc wizard and a dart slug come into view.
The orc priest shouts!
The dart slug launches a dart at you. The slug dart hits you!
A worm comes into view.
The orc priest looks braver for a moment.
The orc wizard points at you and mumbles some strange words.
The puff of flame hits you!
* * * LOW HITPOINT WARNING * * *
Found a ration.
The orc priest calls down the wrath of Beogh upon you.
Beogh smites you!
* * * LOW HITPOINT WARNING * * *
Casting: Slow (safe; 10% risk of failure)
Aiming: Slow (safe; 10% risk of failure)
Aim: an orc wizard, wielding a +0 dagger and wearing a +0 robe (chance to defeat MR: 50%)
The orc wizard seems to slow down.
The orc wizard casts a spell at you. The puff of frost hits you!
You die...

,,*,,,,,,,,*...,,,,,,*
***,,,**,***#w#***,***
,,**,,**,*###{#######*****
,_โ‰ˆ**,,,,,#.....o....,,,,*
,,,โ‰ˆ*,,,,,#..........,,,,*
,,โ‰ˆ*,,,,,,#.........%,,,,*
*,,_*,,,,,#...######*,,,,*
,,***,,,,,#.oo##...#######
_,**,,,,,,#.....@..#.....#*****
***,,,,,,,#........#.....#,,,,*
,**,,,,,,*#.(......'.....#,,,,*
,**,,,,,,*#...((...#.....+,,,,*
,,,,,,,,...........#รท)...#{,,,*
,,,,,,,.......##...#.....#,,,,*
,**,,,,.......######.....#,,,,*
,**,,,,.......,,,,,#.....#,,,,*
,,+,,,,.......,,,,,#.....#,,,,*


You could see an orc priest and an orc wizard.

Vanquished Creatures
  An orc priest (D:4)
  Robin (D:2)
  5 adders
  An ooze (D:3)
  4 worms
  2 dart slugs
  6 leopard geckos
  3 orcs
  A ball python (D:1)
  5 bats
  3 giant cockroaches
  14 goblins
  4 hobgoblins
  2 jackals (D:2)
  2 quokkas
  8 frilled lizards
  8 kobolds
  A quokka skeleton (D:4)
  6 rats
77 creatures vanquished.

Notes
Turn   | Place    | Note
-------+----------+-------------------------------------------
     0 | D:1      | Oravi the Formicid Arcane Marksman began the quest for the
                  | Orb.
     0 | D:1      | Reached XP level 1. HP: 15/15 MP: 2/2
   139 | D:1      | Reached XP level 2. HP: 21/21 MP: 2/4
   143 | D:1      | Learned a level 2 spell: Slow
   822 | D:2      | Reached XP level 3. HP: 26/26 MP: 3/5
   870 | D:2      | Found a bloodstained altar of Trog.
   920 | D:2      | Noticed Robin
  1187 | D:2      | Reached XP level 4. HP: 32/32 MP: 4/6
  1257 | D:2      | Killed Robin
  1298 | D:2      | Found a faded altar of an unknown god.
  1352 | D:2      | Found a white marble altar of Elyvilon.
  1598 | D:2      | Noticed a +0 dagger
  1599 | D:2      | Noticed a +0 dagger
  1600 | D:2      | Found a hide-covered altar of Uskayaw.
  1680 | D:2      | Reached XP level 5. HP: 37/37 MP: 8/8
  2087 | D:3      | Found a basalt altar of Yredelemnul.
  2197 | D:3      | Found an iron altar of Okawaru.
  2212 | D:3      | Became a worshipper of Warmaster Okawaru
  3127 | D:4      | Killed from afar by an orc wizard

Vault maps used:
D:1:      dpeg_arrival_arbitrary_c
D:2:      dancing_weapons_uskayaw, bloody_trog, elyvilon_altar_5,
          chequers_ecumenical_altar_simple_redux, uniq_robin
D:3:      okawaru_metal_pillars_1_2, yredelemnul_altar_generic,
          grunt_ministairs_8
D:4:      kennysheep_mini, lemuel_blue_sif_altar, minitemple,
          lemuel_crystal_altar, nicolae_ossuary_entry_ruins, xom_redecorated,
          uniq_menkaure

Skill      XL: |  1  2  3  4 |
---------------+-------------+-----
Slings         | 3 4 |  4.7
Hexes          | 4 |  4.7
Spellcasting   | 2 |  2.7
Fighting       | |  1.1
Dodging        | |  1.7

Action                   |  1- 3 |  4- 6 || total
-------------------------+-------+-------++-------
 Fire: Hunting sling     |   106 |   154 ||   260
 Cast: Corona            |    29 |    50 ||    79
       Slow              |       |     3 ||     3
  Use: Potion            |     1 |       ||     1
       Scroll            |       |     8 ||     8
  Eat: Chunk             |     2 |     7 ||     9
Armor: Ring mail         |    36 |    31 ||    67
Dodge: Dodged            |    50 |    53 ||   103

Table legend:
 A = Non-vault XP
 B = Vault XP
 C = Vault XP percentage of total XP
 D = Non-vault monster count
 E = Vault monster count
 F = Vault count percentage of total count
                 A         B        C        D         E       F
            +---------+---------+-------+---------+---------+-------
      Total |     230 |      38 |  14.2 |      63 |      14 |  18.2
            +---------+---------+-------+---------+---------+-------
        D:1 |      37 |       4 |   9.8 |      16 |       2 |  11.1
        D:2 |      81 |      30 |  27.0 |      28 |      10 |  26.3
        D:3 |      51 |       4 |   7.3 |      15 |       2 |  11.8
        D:4 |      61 |       0 |   0.0 |       4 |       0 |   0.0
            +---------+---------+-------+---------+---------+-------
